 Dungeon Crawl Stone Soup version 0.17.1-3-g152610e (webtiles) character file.

585 juanjsm the Covert (level 7, -2/33 HPs)
             Began as a Spriggan Enchanter on Apr 26, 2016.
             Slain by an orc wizard
             ... wielding a +2 dagger of protection
              (3 damage)
             ... on level 5 of the Dungeon.
             The game lasted 00:16:54 (3135 turns).

juanjsm the Covert (Spriggan Enchanter)             Turns: 3135, Time: 00:16:54

Health: -2/33      AC:  3    Str:  4      XL:     7   Next: 15%
Magic:  0/14       EV: 19    Int: 18      God:
Gold:   197        SH:  0    Dex: 16 (17) Spells: 4 memorised, 6 levels left

rFire  . . .     SeeInvis +     s - +2 dagger (speed)
rCold  . . .     Clarity  .     b - +1 robe
rNeg   . . .     SustAt   .     (shield restricted)
rPois  .         Gourm    .     (helmet restricted)
rElec  .         Spirit   .     (no cloak)
rCorr  .         Warding  .     (gloves unavailable)
rMut   .         Stasis   .     (boots unavailable)
MR     +....                    (no amulet)
Stlth  +++++.....               (no ring)
                                (no ring)

@: very slightly contaminated, hasted, very quick, somewhat resistant to hostile
enchantments, quite stealthy
A: unfitting armour, see invisible, herbivore 3, speed 3, slow metabolism 2
a: no special abilities


You were on level 5 of the Dungeon.
You were not hungry.

You visited 2 branches of the dungeon, and saw 7 of its levels.

You collected 197 gold pieces.

Inventory:

Hand Weapons
 a - a +1 dagger
 s - a +2 dagger of speed (weapon)
Armour
 b - a +1 robe (worn)
Magical Staves
 u - an uncursed staff of cold {unknown}
Wands
 r - a wand of frost (30)
Scrolls
 e - 8 scrolls of identify {unknown}
 f - 2 scrolls of fear {unknown}
 g - a scroll of magic mapping {unknown}
 j - 2 scrolls of remove curse {unknown}
 k - a scroll of amnesia {unknown}
 m - a scroll of blinking {unknown}
 n - a scroll of noise {unknown}
 o - a scroll of enchant armour {unknown}
 q - a scroll of recharging {unknown}
Potions
 i - a potion of curing
 l - a potion of heal wounds
Books
 c - a book of Maledictions

   Spells                             Type                      Level
   a - Corona                         Hexes                        1
   b - Ensorcelled Hibernation        Hexes/Ice                    2
   c - Confuse                        Hexes                        3
   d - Tukima's Dance                 Hexes                        3
   e - Dazzling Spray                 Conjuration/Hexes            3
Comestibles
 d - 2 bread rations
 t - a slice of pizza


   Skills:
 + Level 1.0 Fighting
 + Level 2.0 Short Blades
 + Level 4.5 Dodging
 + Level 8.4 Stealth
 + Level 4.6 Spellcasting
 + Level 5.4 Hexes
 + Level 1.4 Ice Magic


You had 6 spell levels left.
You knew the following spells:

 Your Spells              Type           Power        Failure   Level  Hunger
a - Corona                Hex            ###....      1%          1    None
b - Ensorcelled Hibernat  Hex/Ice        ###...       6%          2    #......
c - Confuse               Hex            ###.....     4%          3    ###....
d - Dazzling Spray        Conj/Hex       ##......     17%         3    ###....


Dungeon Overview and Level Annotations

Branches:
Dungeon (6/15)             Temple (1/1) D:4

Altars:
Dithmenos
Elyvilon
Fedhas
Gozag
Kikubaaqudgha
Makhleb
Nemelex Xobeh
Qazlal
Ru
Vehumet
Xom
Zin
The Shining One

Shops:
D:2 *   D:4 :

Annotations:
D:2 Natasha
D:4 Eustachio; Pikel; Shtopit's ghost, amateur OgHu
D:5 Edmund
D:6 solomonrf's ghost, novice VSMo


Innate Abilities, Weirdness & Mutations

You are tiny and cannot use many weapons and most armour.
You have supernaturally acute eyesight.
You are a herbivore.
You cover ground extremely quickly.
You need consume almost no food.


Message History

The orc is moderately wounded.
You hit the orc.
The orc is heavily wounded.
The orc closely misses you.
The orc wizard mumbles some strange words.
The orc wizard blinks!
The orc wizard casts a spell at you. The magic dart hits you!
* * * LOW HITPOINT WARNING * * *
Edmund seems less confused.
You barely miss the orc wizard.
The orc wizard is heavily wounded.
Casting: Corona
Confirm with . or Enter, or press ? or * to list all spells.
Aiming: Ensorcelled Hibernation
Press: ? - help, Shift-Dir - straight line, f/p - orc wizard
Aim: an orc wizard, wielding a dagger of protection and wearing a robe (heavily wounded, chance to defeat MR: 47%)
The orc wizard resists with some effort.
The orc wizard hits you with a dagger of protection.
You die...

# #............# ### ..
#............+ <.### ....#
#............# ....# ....#
#............# ....#
...###########.########
....########.............########
.>...............................
....#####..#....oo.......#......#
....#####..#....@.@......#.......
.........................[[......
....#####..#.............#.....#.
...........#....o....<#.##.)...#.
....####.#.#..####....#.##.....#.
.##...##.###..#.........##.......
..#####.%.#####.##...#########...
#......(#.......##...............
..#####...##########.......(.##..


You could see Edmund, 2 orc wizards and an orc.

Vanquished Creatures
  2 ogres (D:5)
  A centaur (D:5)
  A scorpion (D:5)
  A water moccasin skeleton (D:5)
  A crimson imp (D:5)
  2 orc wizards (D:5)
  A hound (D:3)
  A worker ant (D:4)
  A worker ant zombie (D:5)
  2 adders (D:3)
  4 worms
  2 giant geckos (D:2)
  13 orcs (D:5)
  4 bats
  6 giant cockroaches
  4 goblins
  4 hobgoblins
  A quokka (D:5)
  A giant gecko skeleton (D:5)
  2 giant newts
  A jackal zombie (D:5)
  6 kobolds
  3 rats
64 creatures vanquished.

Vanquished Creatures (others)
  A hobgoblin (D:5)
1 creature vanquished.

Grand Total: 65 creatures vanquished

Notes
Turn   | Place    | Note
--------------------------------------------------------------
     0 | D:1      | juanjsm the Spriggan Enchanter began the quest for the Orb.
     0 | D:1      | Reached XP level 1. HP: 9/9 MP: 5/5
   216 | D:1      | Reached XP level 2. HP: 2/13 MP: 4/6
   220 | D:1      | Learned a level 2 spell: Ensorcelled Hibernation
   384 | D:2      | Found an opulent altar of Gozag.
   384 | D:2      | Found Gozag's Platinum Reserve.
   577 | D:2      | Reached skill level 5 in Stealth
   629 | D:5      | Entered Level 5 of the Dungeon
   736 | D:4      | Noticed Shtopit's ghost (amateur OgHu)
   848 | D:2      | Found a sacrificial altar of Ru.
   849 | D:2      | Found an ancient bone altar of Kikubaaqudgha.
   852 | D:2      | Found a stormy altar of Qazlal.
   901 | D:2      | Noticed Natasha
   922 | D:2      | Reached XP level 3. HP: 6/16 MP: 1/8
   927 | D:2      | Learned a level 3 spell: Confuse
  1346 | D:2      | Found a white marble altar of Elyvilon.
  1602 | D:3      | Found a burning altar of Makhleb.
  1638 | D:3      | Reached XP level 4. HP: 21/21 MP: 6/9
  1643 | D:3      | Learned a level 3 spell: Dazzling Spray
  1858 | D:4      | Reached skill level 6 in Stealth
  1902 | D:4      | Noticed a slave
  1903 | D:4      | Noticed Pikel
  1952 | D:4      | Noticed a scorpion
  1953 | D:4      | Found Irarem's Book Shop.
  1984 | D:4      | Found a staircase to the Ecumenical Temple.
  1993 | Temple   | Entered the Ecumenical Temple
  2204 | D:4      | Noticed Eustachio
  2225 | D:4      | Noticed a slave
  2264 | D:5      | Found a radiant altar of Vehumet.
  2264 | D:5      | Noticed a centaur
  2275 | D:5      | Killed a centaur
  2275 | D:5      | Reached XP level 5. HP: 4/25 MP: 6/11
  2569 | D:5      | Found a shimmering altar of Xom.
  2569 | D:5      | Found a shimmering altar of Xom.
  2570 | D:5      | Found a shimmering altar of Xom.
  2571 | D:5      | Found a shimmering altar of Xom.
  2571 | D:5      | Found a shimmering altar of Xom.
  2571 | D:5      | Found a shimmering altar of Xom.
  2572 | D:5      | Found a shimmering altar of Xom.
  2572 | D:5      | Found a shimmering altar of Xom.
  2574 | D:5      | Found a shimmering altar of Xom.
  2586 | D:5      | Reached skill level 7 in Stealth
  2586 | D:5      | Reached skill level 1 in Ice Magic
  2616 | D:6      | Noticed solomonrf's ghost (novice VSMo)
  2647 | D:5      | Reached XP level 6. HP: 29/29 MP: 8/12
  2660 | D:5      | Noticed an ice beast
  2755 | D:5      | Noticed a scorpion
  2765 | D:5      | Killed a scorpion
  2765 | D:5      | Reached skill level 5 in Hexes
  2804 | D:5      | Reached skill level 8 in Stealth
  2879 | D:5      | Noticed an ogre
  2928 | D:5      | Killed an ogre
  2928 | D:5      | Reached skill level 1 in Fighting
  2939 | D:5      | Reached XP level 7. HP: 18/33 MP: 2/14
  3016 | D:5      | Noticed Edmund
  3132 | D:5      | HP: 1/33 [orc wizard/magic dart (8)]
  3135 | D:5      | Slain by an orc wizard

Action                   |  1- 3 |  4- 6 |  7- 9 || total
-------------------------+-------+-------+-------++-------
Melee: Dagger            |    89 |    85 |    35 ||   209
 Cast: Corona            |     5 |     1 |     1 ||     7
       Ensorcelled Hiber |    15 |    28 |     3 ||    46
       Confuse           |     1 |     2 |     4 ||     7
       Dazzling Spray    |       |     1 |       ||     1
  Use: Potion            |       |     1 |     3 ||     4
 Stab: Sleeping          |    18 |    21 |       ||    39
       Distracted        |     1 |     1 |       ||     2
       Invisible         |       |     1 |       ||     1
       Confused          |       |     1 |     2 ||     3
  Eat: Bread ration      |       |     1 |       ||     1
